 Dungeon Crawl Stone Soup version 0.29.0-4-gdea44cf6ec (webtiles) character file.

Game seed: 1832051428501088626

155 qw the Chopper (level 5, -4/40 (42) HPs)
             Began as a Barachi Chaos Knight on Sept 5, 2022.
             Slain by a phantom (6 damage)
             ... on level 3 of the Dungeon.
             The game lasted 00:01:11 (2912 turns).

qw the Chopper (Barachi Chaos Knight)               Turns: 2912, Time: 00:01:11

HP:   -4/40 (42)    AC:  8    Str: 15      XL:     5   Next: 37%
MP:   5/5           EV:  6    Int: 12 (13) God:
Gold: 248           SH:  3    Dex:  8 (9)  Spells: 4/4 levels left

rFire   . . .      SeeInvis .   Y - +0 hand axe (chaos)
rCold   . . .      Faith    .   f - +0 buckler
rNeg    . . .      Spirit   .   e - +0 chain mail
rPois   .          Reflect  .   (no helmet)
rElec   .          Harm     .   (no cloak)
rCorr   .          Rampage  .   (no gloves)
Will    .....                   (no boots)
Stlth   ..........              (no amulet)
HPRegen 0.13/turn               (no ring)
MPRegen 0.09/turn               (no ring)

@: lightly drained, slow
A: amphibious, slowness 1, strong legs 1, +LOS, clumsy 1, deterioration 1,
screaming 2
a: Hop


You were on level 3 of the Dungeon.
You visited 1 branch of the dungeon, and saw 3 of its levels.

You collected 248 gold pieces.


Innate Abilities, Weirdness & Mutations

You are amphibious.
You cover ground slowly.
You can hop short distances.
You have an extended range of vision and can be seen from far away.
You are clumsy. (Dex -2)
Your body sometimes deteriorates upon taking damage.
You frequently scream uncontrollably at your foes.


   Skills:
 + Level 3.7 Fighting
 - Level 6.0 Axes
 - Level 2.4 Armour
 - Level 1.1 Dodging
 - Level 2.0 Shields


You had 4 spell levels left.
You didn't know any spells.
Your spell library was empty.

Inventory:

Hand Weapons
 d - a +0 whip
 Y - a +0 hand axe of chaos (weapon)
Armour
 e - a +0 chain mail (worn)
 f - a +0 buckler (worn)
Scrolls
 a - a scroll of enchant armour
 g - a scroll of immolation {unknown}
Potions
 b - a potion of heal wounds {unknown}
 h - a potion of brilliance {unknown}
 i - a potion of berserk rage {unknown}
 l - a potion of invisibility {unknown}
Miscellaneous
 c - a piece from Xom's chessboard (15/15)

Dungeon Overview and Level Annotations

Branches:
Dungeon (3/15)

Altars:


Message History

Your Shields skill increases to level 2!
You closely miss the orc. x2
The orc hits you but does no damage.
You closely miss the orc. You barely miss the orc. x2
The orc hits you with a +0 whip. The orc hits you but does no damage.
You block the orc's attack.
You closely miss the orc. You hit the orc but do no damage. You hit the orc.
You freeze the orc. You block the orc's attack.
The orc hits you with a +0 flail. You block the orc's attack.
You hit the orc. Lightning courses through the orc!!
You kill the orc!
You hit the orc. x2; You drain the orc.
You kill the orc!
The orc hits you with a +0 flail.
You hit the orc.
You kill the orc!
You hit the phantom.
The phantom hits you but does no damage.
You hit the phantom.
The phantom seems to grow stronger.
The phantom is moderately damaged.
The phantom hits you.
The phantom blinks!
You blink.
Found a whip and 22 gold pieces.
Enter note: You closely miss the phantom.
The phantom is moderately damaged.
The phantom hits you but does no damage. x2
You hit the phantom but do no damage.
The phantom is moderately damaged.
The phantom hits you.
The phantom blinks!
You blink.
You hit the phantom but do no damage. Lightning courses through the phantom!!
The phantom is almost destroyed.
The phantom hits you!
Your body deteriorates!
You feel clumsy.
You hit the phantom but do no damage.
The phantom is almost destroyed.
You hit the kobold.
You kill the kobold!
The phantom hits you.
You die...

#......).)..#
#......))####
#.........#
#..........
#........#..
#########.........
#.............#...#
#...........)W# ..#
#......ยค.....@# .?#
#...).................
#####.................
#####.#.#..#.##..#
#........# . ........#
....$.... .#......#.#
#.#......#.#


You could see a phantom (strong).

Vanquished Creatures
  2 adders (D:2)
  5 gnolls
  3 worms (D:2)
  3 dart slugs
  4 orcs (D:3)
  6 ball pythons (D:1)
  4 bats
  6 endoplasms
  4 giant cockroaches
  4 goblins
  5 hobgoblins
  3 quokkas (D:2)
  4 frilled lizards
  10 kobolds
  5 rats
68 creatures vanquished.

Vanquished Creatures (others)
  A dart slug zombie (D:1)
1 creature vanquished.

Grand Total: 69 creatures vanquished

Notes
Turn   | Place    | Note
-------+----------+-------------------------------------------
     0 | D:1      | qw the Barachi Chaos Knight began the quest for the Orb.
     0 | D:1      | Reached XP level 1. HP: 18/18 MP: 1/1
     0 | D:1      | 0 ||| qw: Version: 0.1-a-104-g96f76f8
     0 | D:1      | 0 ||| qw: Game counter: 5977
     0 | D:1      | 0 ||| qw: Always use a shield: true
     0 | D:1      | 0 ||| qw: God list: Okawaru
     0 | D:1      | 0 ||| qw: Allow faded altars: false
     0 | D:1      | 0 ||| qw: Do Orc after D:15 true
     0 | D:1      | 0 ||| qw: Do second Lair branch before Depths: true
     0 | D:1      | 0 ||| qw: Lair rune preference: random
     0 | D:1      | 0 ||| qw: Plans: Normal
     0 | D:1      | 0 ||| PLANNING D:1-11
     0 | D:1      | Fell from the grace of Xom
    75 | D:1      | 75 ||| Stepping ~*~*~tactically~*~*~ (stealth).
    76 | D:1      | 76 ||| Stepping ~*~*~tactically~*~*~ (stealth).
    77 | D:1      | 77 ||| Stepping ~*~*~tactically~*~*~ (stealth).
   104 | D:1      | 104 ||| Stepping ~*~*~tactically~*~*~ (stealth).
   105 | D:1      | 105 ||| Stepping ~*~*~tactically~*~*~ (stealth).
   115 | D:1      | XOM: 1-stop teleportation journey
   119 | D:1      | Reached XP level 2. HP: 22/24 MP: 2/2
   126 | D:1      | Reached skill level 4 in Axes
   144 | D:1      | 144 ||| Stepping ~*~*~tactically~*~*~ (stealth).
   145 | D:1      | 145 ||| Stepping ~*~*~tactically~*~*~ (stealth).
   225 | D:1      | 225 ||| Stepping ~*~*~tactically~*~*~ (hiding).
   226 | D:1      | 226 ||| Stepping ~*~*~tactically~*~*~ (hiding).
   228 | D:1      | 228 ||| Stepping ~*~*~tactically~*~*~ (hiding).
   234 | D:1      | 234 ||| Stepping ~*~*~tactically~*~*~ (hiding).
   242 | D:1      | Reached XP level 3. HP: 24/29 MP: 3/3
   399 | D:1      | XOM: give mutations
   399 | D:1      | Gained mutation: You occasionally shout uncontrollably at
                  | your foes. [Xom's mischief]
   399 | D:1      | Gained mutation: You frequently scream uncontrollably at
                  | your foes. [Xom's mischief]
   399 | D:1      | Gained mutation: Your muscles are strong. (Str +4, Int/Dex
                  | -1) [Xom's mischief]
   399 | D:1      | Gained mutation: You are clumsy. (Dex -2) [Xom's mischief]
   500 | D:1      | 500 ||| Stepping ~*~*~tactically~*~*~ (hiding).
   505 | D:1      | XOM: god gift: 54 gold pieces
   617 | D:1      | 617 ||| Stepping ~*~*~tactically~*~*~ (stealth).
   939 | D:1      | Reached skill level 5 in Axes
   953 | D:1      | 953 ||| UPGRADING to +0 chain mail.
   963 | D:1      | 963 ||| DROPPING +2 leather armour.
   964 | D:1      | 964 ||| UPGRADING to +0 buckler.
   969 | D:1      | 969 ||| READING 2 scrolls labelled DAPRIRCH RIJELA.
   970 | D:1      | 970 ||| READING scroll labelled LOUSMUMEAG.
  1125 | D:2      | Found a faded altar of an unknown god.
  1125 | D:2      | XOM: 3-stop teleportation journey
  1449 | D:2      | Reached skill level 1 in Shields
  1506 | D:2      | Reached XP level 4. HP: 36/36 MP: 4/4
  1671 | D:2      | 1671 ||| Stepping ~*~*~tactically~*~*~ (hiding).
  1672 | D:2      | 1672 ||| Stepping ~*~*~tactically~*~*~ (hiding).
  1673 | D:2      | 1673 ||| Stepping ~*~*~tactically~*~*~ (hiding).
  1674 | D:2      | 1674 ||| Stepping ~*~*~tactically~*~*~ (hiding).
  1675 | D:2      | 1675 ||| Stepping ~*~*~tactically~*~*~ (hiding).
  1761 | D:2      | XOM: draining
  2149 | D:2      | 2149 ||| DROPPING ring of flight.
  2150 | D:2      | 2150 ||| READING scroll labelled DOSALOD IKUAT.
  2288 | D:2      | 2288 ||| READING scroll labelled AQUEPHO VEPPURR.
  2289 | D:2      | 2289 ||| READING scroll labelled RIPHAD RUMOAN.
  2290 | D:2      | 2290 ||| Stepping randomly (stuck).
  2291 | D:2      | 2291 ||| Stepping ~*~*~tactically~*~*~ (cloud).
  2435 | D:2      | XOM: give mutations
  2435 | D:2      | Lost mutation: Your muscles are strong. (Str +4, Int/Dex
                  | -1) [Xom's mischief]
  2435 | D:2      | Gained mutation: Your body sometimes deteriorates upon
                  | taking damage. [Xom's mischief]
  2526 | D:3      | 2526 ||| STAIRDANCE
  2559 | D:3      | 2559 ||| Stepping ~*~*~tactically~*~*~ (hiding).
  2569 | D:3      | Reached skill level 6 in Axes
  2569 | D:3      | Reached XP level 5. HP: 27/37 MP: 5/5
  2812 | D:3      | 2812 ||| DROPPING +0 club.
  2897 | D:3      | Noticed a phantom
  2910 | D:3      | HP: 10/40 [phantom (1)]
  2911 | D:3      | HP: 2/40 [phantom (8)]
  2912 | D:3      | Slain by a phantom

Levels and vault maps discovered:
D:1:      nzn_arrival_settlement, layout_basic
D:2:      layout_basic, shapermc_ecumenical_altar_venn, grunt_ministairs_13,
          minmay_increasing_density
D:3:      minmay_inner_zag, layout_basic, serial_shops, shop

Skill      XL: |  1  2  3  4  5 |
---------------+----------------+-----
Axes           | 4 5 6 |  6.0
Shields        | 1 2 |  2.0
Fighting       | |  3.7
Armour         | |  2.4
Dodging        | |  1.1

Action                   |  1- 3 |  4- 6 || total
-------------------------+-------+-------++-------
Melee: Hand axe          |   115 |    79 ||   194
       Punch             |     1 |       ||     1
Invok: Renounce Religion |     1 |       ||     1
  Use: Scroll            |     2 |     3 ||     5
Armor: Leather armour    |    48 |       ||    48
       Chain mail        |    15 |    42 ||    57
Dodge: Dodged            |    69 |    27 ||    96
Block: Buckler           |     1 |    13 ||    14

Table legend:
 A = Non-vault XP
 B = Vault XP
 C = Vault XP percentage of total XP
 D = Non-vault monster count
 E = Vault monster count
 F = Vault count percentage of total count
                 A         B        C        D         E       F
            +---------+---------+-------+---------+---------+-------
      Total |     201 |      22 |   9.9 |      57 |      11 |  16.2
            +---------+---------+-------+---------+---------+-------
        D:1 |      63 |       0 |   0.0 |      30 |       0 |   0.0
        D:2 |      59 |      22 |  27.2 |      14 |      11 |  44.0
        D:3 |      79 |       0 |   0.0 |      13 |       0 |   0.0
            +---------+---------+-------+---------+---------+-------
